 Dungeon Crawl Stone Soup version 0.31-a0-174-g85c54bcb58 (webtiles) character file.

Game seed: 14809474411206367653

18 qw the Shield-Bearer (level 2, -1/19 HPs)
             Began as a Gargoyle Fighter on June 15, 2023.
             Slain by a gnoll
             ... wielding a +2 halberd of venom
              (9 damage)
             ... on level 2 of the Dungeon.
             The game lasted 00:00:22 (967 turns).

qw the Shield-Bearer (Gargoyle Fighter)              Turns: 967, Time: 00:00:23

Health: -1/19      AC: 10    Str: 19    XL:     2   Next: 70%
Magic:  2/2        EV:  9    Int:  8    God:
Gold:   52         SH:  5    Dex: 15    Spells: 1/1 levels left

rFire   . . .        Y - +0 war axe
rCold   . . .        c - +0 buckler
rNeg    + . .        b - +0 scale mail
rPois   inf          (no helmet)
rElec   +            (no cloak)
rCorr   .            g - +0 pair of gloves
SInv    .            (no boots)
Will    .....        (no amulet) Stlth
                     a - +6 ring of dexterity
HPRegen 0.23/turn    (no ring)
MPRegen 0.08/turn

%: no passive effects
@: no status effects
A: sickness immunity, AC +2, negative energy resistance 1, electricity
resistance, torment resistance 1, petrification resistance
a: no special abilities


You were on level 2 of the Dungeon.
You visited 1 branch of the dungeon, and saw 2 of its levels.

You collected 52 gold pieces.


Innate Abilities, Weirdness & Mutations

You are immune to sickness and miasma.
Your stone body is resilient. (AC +2)
You are immune to poison.
You resist negative energy. (rN+)
You are resistant to electric shocks. (rElec)
You are resistant to unholy torment.
You are immune to petrification.


   Skills:
 - Level 3.2 Fighting
 + Level 2.9 Axes
 - Level 3.2 Armour
 - Level 3.2 Shields


You had one spell level left.
You didn't know any spells.
Your spell library was empty.

Inventory:

Hand Weapons
 i - a +0 club
 Y - a +0 war axe (weapon)
Armour
 b - a +0 scale mail (worn)
 c - a +0 buckler (worn)
 g - a +0 pair of gloves (worn)
Jewellery
 a - a +6 ring of dexterity (left hand)
Potions
 d - 2 potions of might
 e - a potion of curing
 f - a potion of enlightenment {unknown}

Dungeon Overview and Level Annotations

Branches:
Dungeon (2/15)

Altars:


Message History

You block the ball python's attack. The ball python grabs you.
The ball python constricts you.
The hobgoblin shouts!
You slash the ball python!
You kill the ball python!
You slash the hobgoblin!
You kill the hobgoblin!
Things that are here:
a +0 club; a hobgoblin corpse; a goblin corpse Done exploring.
Done exploring.
887 ||| DRINKING 2 bubbling golden potions.
It was a potion of curing.
You feel better.
Done exploring.
888 ||| DROPPING scroll of noise.
You drop a scroll of noise.
Done exploring.
(D) Dungeon
Where to? (* - list waypoints, ? - help)
What level of the Dungeon? (default 1, ? - help)
There is a stone staircase leading down here.
You climb downwards.
Found a leather armour.
Found a stone staircase leading up.
There is a stone staircase leading up here.
Waypoint 1 assigned to D:2.
A frilled lizard comes into view.
The frilled lizard hisses angrily.
You miss the frilled lizard.
The frilled lizard bites you but does no damage.
You barely miss the frilled lizard. The frilled lizard closely misses you.
You hit the frilled lizard.
You kill the frilled lizard!
A gnoll comes into view. It is wielding a +2 halberd of venom.
The gnoll shouts!
You hear a shout! x2
The gnoll hits you from afar with a +2 halberd of venom!
The gnoll hits you with a +2 halberd of venom.
A gnoll comes into view. It is wielding a +0 spear.
You barely miss the gnoll.
The gnoll hits you with a +2 halberd of venom!
You die...

#.# #.# #.#
#.# ..# #.#
#.# #.# #.#
#.#
#.#######.#
......g@..#
#####g#####
#


You could see 2 gnolls.

Vanquished Creatures
  An endoplasm (D:1)
  A giant cockroach (D:1)
  3 hobgoblins (D:1)
  4 ball pythons (D:1)
  3 bats (D:1)
  2 frilled lizards
  3 goblins (D:1)
  A rat (D:1)
18 creatures vanquished.

Notes
Turn   | Place    | Note
-------+----------+-------------------------------------------
     0 | D:1      | qw the Gargoyle Fighter began the quest for the Orb.
     0 | D:1      | Reached XP level 1. HP: 14/14 MP: 1/1
     0 | D:1      | 0 ||| qw: Version: 0.2-a-29-g511e9b1
     0 | D:1      | 0 ||| qw: Game counter: 5572
     0 | D:1      | 0 ||| qw: Always use a shield: true
     0 | D:1      | 0 ||| qw: God list: Okawaru
     0 | D:1      | 0 ||| qw: Allow faded altars: false
     0 | D:1      | 0 ||| qw: Do Orc after D:15 true
     0 | D:1      | 0 ||| qw: Do second Lair branch before Depths: true
     0 | D:1      | 0 ||| qw: Lair rune preference: random
     0 | D:1      | 0 ||| qw: Plans: Normal, Zot:1-4, Slime:5, God:TSO, Crypt,
                  | Tomb, Abyss, Pan, Hells, Win
     0 | D:1      | 0 ||| PLANNING D:1-11
   395 | D:1      | Reached XP level 2. HP: 19/19 MP: 2/2
   560 | D:1      | 560 ||| UPGRADING to +0 pair of gloves.
   565 | D:1      | 565 ||| READING scroll labelled VYTA DEASOU.
   566 | D:1      | 566 ||| READING scroll labelled QAONAA BUOVAC.
   566 | D:1      | Identified a scroll of acquirement
   566 | D:1      | 566 ||| ACQUIRING +6 ring of dexterity
   566 | D:1      | Acquired a +6 ring of dexterity
   568 | D:1      | 568 ||| UPGRADING to +6 ring of dexterity.
   569 | D:1      | 569 ||| READING 2 scrolls labelled WEVOOTILEU.
   570 | D:1      | 570 ||| READING scroll labelled KYMIVV ZITTULO.
   836 | D:1      | 836 ||| Stepping ~*~*~tactically~*~*~ (stealth).
   839 | D:1      | 839 ||| Stepping ~*~*~tactically~*~*~ (stealth).
   840 | D:1      | 840 ||| Stepping ~*~*~tactically~*~*~ (stealth).
   887 | D:1      | 887 ||| DRINKING 2 bubbling golden potions.
   888 | D:1      | 888 ||| DROPPING scroll of noise.
   967 | D:2      | Slain by a gnoll

Levels and vault maps discovered:
D:1:      minmay_arrival_wavy_path, layout_rooms, serial_co_window_serial,
          co_window_corner_a, co_window_of_opportunity_a, co_window_paths_a,
          co_window_paths_b, co_window_corner_a, co_window_broadway_c,
          co_window_corner_ca, co_window_broadway_a, co_window_2corner,
          co_window_of_opportunity_c, glass_columns_a, glass_columns_b,
          glass_columns_a, glass_columns_c, glass_columns_c
D:2:      layout_loops_ring, uniq_robin

Skill      XL: |  1 |
---------------+----+-----
Axes           | 2 |  2.9
Fighting       | |  3.2
Armour         | |  3.2
Shields        | |  3.2

Action                     || total
---------------------------++-------
  Melee: War axe           ||    36
    Use: Scroll            ||     4
         Potion            ||     1
 Armour: Scale mail        ||    14
  Dodge: Dodged            ||    11
  Block: Buckler           ||     6

Table legend:
 A = Non-vault XP
 B = Vault XP
 C = Vault XP percentage of total XP
 D = Non-vault monster count
 E = Vault monster count
 F = Vault count percentage of total count
                 A         B        C        D         E       F
            +---------+---------+-------+---------+---------+-------
      Total |      27 |       0 |   0.0 |      18 |       0 |   0.0
            +---------+---------+-------+---------+---------+-------
        D:1 |      26 |       0 |   0.0 |      17 |       0 |   0.0
        D:2 |       1 |       0 |   0.0 |       1 |       0 |   0.0
            +---------+---------+-------+---------+---------+-------
